 Dungeon Crawl Stone Soup version 0.29.1-15-g9cfb28693d (webtiles) character file.

Game seed: 11111743076018842161

795 leafyfresh the Covert (level 7, 0/51 HPs)
             Began as an Octopode Delver on Mar 4, 2023.
             Was an Initiate of Ashenzari.
             Slain by a steam dragon (9 damage)
             ... on level 6 of the Dungeon.
             The game lasted 00:06:39 (5596 turns).

leafyfresh the Covert (Octopode Delver)             Turns: 5596, Time: 00:06:40

Health: 0/51       AC: 12    Str: 11    XL:     7   Next: 89%
Magic:  4/7        EV: 15    Int: 15    God:    Ashenzari [......]
Gold:   247        SH:  0    Dex: 13    Spells: 1/6 levels left

rFire   . . .      SeeInvis .   y - +0 dagger (protect)
rCold   . . .      Faith    .   (no shield)
rNeg    + . .      Spirit   .   (helmet restricted)
rPois   .          Reflect  .   u - amulet of magic regeneration
rElec   .          Harm     .   o - ring of wizardry
rCorr   .          Rampage  .   q - ring of flight
Will    .....                   r - +4 ring of protection
Stlth   +++++.....              s - ring of the Prescient Comet {rN+, Fort, Melee} (curse)
HPRegen 0.17/turn               (no ring)
MPRegen 0.50/turn               (no ring)
                                (no ring)
                                (no ring)

@: under a protective aura, on blink cooldown, flying
A: almost no armour, amphibious, 8 rings, camouflage 1, gelatinous body 1,
(nimble swimmer 1), tentacles
a: Renounce Religion, Shatter the Chains


You were on level 6 of the Dungeon.
You worshipped Ashenzari.
Ashenzari was noncommittal.
You visited 1 branch of the dungeon, and saw 6 of its levels.

You collected 247 gold pieces.

Inventory:

Hand Weapons
 a - a +0 short sword
 y - a +0 dagger of protection (weapon)
Missiles
 g - 15 poisoned darts (quivered)
Jewellery
 o - a ring of wizardry (left tentacle)
 q - a ring of flight (right tentacle)
 r - a +4 ring of protection (on tentacle)
 s - the cursed ring of the Prescient Comet (on tentacle) {rN+, Fort, Melee}
   (You found it on level 2 of the Dungeon)

   [ring of positive energy]

   rN:        It protects you from negative energy.
   It has a curse which improves the following skills: Fortitude: Shields.
   Melee Combat: Short Blades, Long Blades, Axes, Maces & Flails, Polearms,
   Staves and Unarmed Combat.
 u - an amulet of magic regeneration (around mantle)
Wands
 b - a wand of mindburst (18)
 f - a wand of digging (3)
 n - a wand of acid (7)
Scrolls
 c - a scroll of magic mapping
 d - 2 scrolls of fear
 j - 10 scrolls of identify {unknown}
 k - 3 scrolls of noise {unknown}
 p - 2 scrolls of blinking {unknown}
 t - a scroll of poison {unknown}
 v - a scroll of amnesia {unknown}
 x - 2 scrolls of immolation {unknown}
 B - a scroll of vulnerability {unknown}
 C - a scroll of fog
Potions
 e - a potion of invisibility {unknown}
 h - 3 potions of might {unknown}
 i - 4 potions of heal wounds {unknown}
 l - a potion of berserk rage {unknown}
 m - a potion of brilliance {unknown}
 w - a potion of cancellation {unknown}
 z - 2 potions of degeneration {unknown}
 A - 2 potions of curing {unknown}


   Skills:
 + Level 5.7 Fighting
 - Level 2.0(2.3) Short Blades
 + Level 5.2 Dodging
 + Level 9.7 Stealth


You had one spell level left.
You knew the following spells:

 Your Spells              Type           Power      Damage    Failure   Level
a - Blink                 Tloc           0%         N/A       16%         2
b - Call Canine Familiar  Summ           0%         N/A       32%         3

Your spell library contained the following spells:

 Spells                   Type           Power      Damage    Failure   Level
 Lesser Beckoning         Tloc           0%         N/A       32%         3
 Portal Projectile        Hex/Tloc       0%         N/A       32%         3
 Leda's Liquefaction      Hex/Erth       0%         N/A       69%         4
 Manifold Assault         Tloc           0%         N/A       95%         5


Dungeon Overview and Level Annotations

Branches:
Dungeon (6/15)
 Temple: D:4-7

Altars:
Ashenzari
Elyvilon
Fedhas
Nemelex Xobeh
Trog
Vehumet
Wu Jian
Yredelemnul


Innate Abilities, Weirdness & Mutations

You cannot wear most types of armour.
You are amphibious.
You can wear up to eight rings at the same time.
Your skin changes colour to match your surroundings (Stealth+).
Your rubbery body absorbs attacks. (AC +1, EV +1)
((You are camouflaged when in or above water. (Stealth+)))
You have tentacles for arms and can constrict up to eight enemies at once.


Message History

Unknown command.
You hit the steam dragon but do no damage.
The steam dragon is severely wounded.
Your hound disappears in a puff of smoke!
The steam dragon closely misses you.
The steam dragon claws you but does no damage.
An adder comes into view.
A hound comes into view.
Unknown command.
You barely miss the steam dragon.
The steam dragon is severely wounded.
The steam dragon breathes steam at you. The ball of steam hits you!
* * * LOW HITPOINT WARNING * * *
The hound barks!
You hear a loud, deep croak!
Unknown command.
Casting: Call Canine Familiar (dangerous; 32% risk of failure)
Confirm with . or Enter, or press ? or * to list all spells.
Okay, then.
Casting: Call Canine Familiar (dangerous; 32% risk of failure)
Confirm with . or Enter, or press ? or * to list all spells.
You blink.
Casting: Blink (safe; 16% risk of failure)
Confirm with . or Enter, or press ? or * to list all spells.
Okay, then.
Casting: Blink (safe; 16% risk of failure)
Confirm with . or Enter, or press ? or * to list all spells.
Unknown command.
Your hound is engulfed in a cloud of scalding steam.
A bullfrog comes into view.
You hit the steam dragon.
The steam dragon is severely wounded.
Your hound bites the steam dragon but does no damage.
The steam dragon misses you.
The steam dragon claws you but does no damage.
Unknown command.
You barely miss the steam dragon.
The steam dragon is severely wounded.
Your hound barely misses the steam dragon.
The steam dragon bites you!
You die...

..........#.#...#
................######
...............####..#
.............#.###...#
....#......#.........###
........#..###.........#
........##.###........##
)........#..##).......#
..F....@.....##...#.###
.....§hD..........###
.....S.h...........###
.....................#
$.................#..#
#...........?.....##..#
#..............##..#..#
..............###....##
...............##.....#


You could see a steam dragon (ally target), a bullfrog, a hound, an adder and a
friendly hound (summoned).

Vanquished Creatures
  An acid dragon (D:6)
  2 ogres (D:5)
  2 scorpions
  3 hounds
  2 jellies
  An orc priest (D:3)
  3 iguanas
  2 adders (D:2)
  An ufetubus (D:5)
  3 worms
  3 dart slugs
  9 orcs
  3 bats
  7 endoplasms
  4 giant cockroaches
  10 goblins
  4 hobgoblins (D:1)
  2 jackals (D:5)
  7 kobolds
  5 quokkas
  10 ball pythons
  4 frilled lizards
  9 rats
  A spectral orc (D:5)
98 creatures vanquished.

Vanquished Creatures (collateral kills)
  A shadow imp (D:6)
  An orc (D:6)
2 creatures vanquished.

Vanquished Creatures (others)
  A kobold (D:1)
  A frilled lizard (D:1)
2 creatures vanquished.

Grand Total: 102 creatures vanquished

Notes
Turn   | Place    | Note
-------+----------+-------------------------------------------
     0 | D:5      | leafyfresh the Octopode Delver began the quest for the Orb.
     0 | D:5      | Reached XP level 1. HP: 16/16 MP: 1/1
    12 | D:5      | Noticed a scorpion
    15 | D:5      | Noticed a hound
    18 | D:5      | Killed a scorpion
    19 | D:5      | Reached skill level 7 in Stealth
    19 | D:5      | Reached XP level 2. HP: 13/21 MP: 2/2
    19 | D:5      | Reached XP level 3. HP: 16/26 MP: 3/3
   249 | D:5      | Reached XP level 4. HP: 33/33 MP: 4/4
   374 | D:5      | Noticed an ogre
   394 | D:5      | Killed an ogre
   395 | D:5      | Reached XP level 5. HP: 7/37 MP: 5/5
   649 | D:5      | Found a white marble altar of Elyvilon.
   650 | D:5      | Found a radiant altar of Vehumet.
   659 | D:5      | Reached skill level 8 in Stealth
   729 | D:5      | Identified the +2 leather armour "Numeq" {rC- Int+5}
   838 | D:5      | Reached XP level 6. HP: 21/44 MP: 6/6
  1636 | D:5      | Found a basalt altar of Yredelemnul.
  1744 | D:4      | Found a sparkling altar of Nemelex Xobeh.
  1750 | D:4      | Identified the +1 ring mail of the Armadillo {Int+2 Slay+2}
  1912 | D:4      | Learned a level 2 spell: Blink
  2048 | D:4      | Found an ornate altar of the Wu Jian Council.
  2329 | D:4      | Reached skill level 5 in Fighting
  2329 | D:4      | Reached XP level 7. HP: 50/50 MP: 7/7
  3159 | D:2      | Reached skill level 9 in Stealth
  3967 | D:1      | Learned a level 3 spell: Call Canine Familiar
  4333 | D:3      | Found a broken altar of Ashenzari.
  4347 | D:3      | Found a blossoming altar of Fedhas.
  4349 | D:3      | Became a worshipper of Ashenzari the Shackled
  4653 | D:3      | Found a bloodstained altar of Trog.
  5231 | D:6      | Reached skill level 5 in Dodging
  5234 | D:6      | Noticed a steam dragon
  5596 | D:6      | Slain by a steam dragon

Illustrated notes

Levels and vault maps discovered:
D:1:      heliophobic_arrival_glass_houses, layout_rooms, lemuel_flame_loot_1
D:2:      layout_basic, dk_noncrumbling_3, fountainhead
D:3:      layout_loops_ring, fedhas_altar_2, lemuel_crystal_altar,
          mainiacjoe_overflow_cross_hatched, nicolae_kite_square_tiling_tiny
D:4:      layout_basic, nicolae_wu_jian_immortal_techniques,
          mainiacjoe_overflow_paths
D:5:      layout_basic, yredelemnul_forgotten_temple_becter,
          grunt_temple_overflow_open
D:6:      layout_cave_pools, mainiacjoe_overflow_24_doors,
          mainiacjoe_overflow_catwalk, dk_noncrumbling_2

Skill      XL: |  1  2  3  4  5  6  7 |
---------------+----------------------+-----
Stealth        | 7 8 9 |  9.7
Dodging        | 3 4 5 |  5.2
Fighting       | 4 5 |  5.7
Short Blades   | |  2.0

Action                   |  1- 3 |  4- 6 |  7- 9 || total
-------------------------+-------+-------+-------++-------
Melee: Short sword       |     3 |    70 |   135 ||   208
       Tentacles         |       |     8 |    35 ||    43
       Constrict         |       |     8 |    33 ||    41
       Punch             |       |     1 |     2 ||     3
       Dagger            |       |       |    31 ||    31
 Cast: Call Canine Famil |       |       |     3 ||     3
       Blink             |       |       |     1 ||     1
Invok: Curse Item        |       |       |     1 ||     1
  Use: Scroll            |       |       |     1 ||     1
       Potion            |       |       |     1 ||     1
 Stab: Sleeping          |     2 |     8 |    27 ||    37
       Distracted        |       |       |     1 ||     1
Armor: Skin              |       |     2 |    26 ||    28
Dodge: Dodged            |       |    50 |   104 ||   154
